 Dungeon Crawl Stone Soup version 0.20.1-1-g8b1a95d (webtiles) character file.

358 FerrousOx the Covert (level 6, -3/28 HPs)
             Began as a Spriggan Enchanter on Oct 27, 2017.
             Shot with an arrow by a centaur (13 damage)
             ... on level 5 of the Dungeon.
             The game lasted 00:17:54 (4928 turns).

FerrousOx the Covert (Spriggan Enchanter)           Turns: 4928, Time: 00:17:54

Health: -3/28      AC:  3    Str:  5    XL:     6   Next: 37%
Magic:  4/11       EV: 18    Int: 17    God:
Gold:   291        SH:  0    Dex: 17    Spells: 4/10 levels left

rFire    . . .     SeeInvis +   a - +1 dagger
rCold    . . .     Gourm    .   (shield restricted)
rNeg     . . .     Faith    .   b - +1 robe
rPois    +         Spirit   .   (helmet restricted)
rElec    .         Reflect  .   (no cloak)
rCorr    .         Harm     .   (gloves unavailable)
MR       +....                  (boots unavailable)
Stlth    +++++.....             (no amulet)
Regen    0.1/turn               k - ring of poison resistance
MPRegen  0.2/turn               j - ring of stealth

@: very quick
A: unfitting armour, see invisible, herbivore 3, speed 3, slow metabolism 2
a: no special abilities


You were on level 5 of the Dungeon.
You were not hungry.

You visited 1 branch of the dungeon, and saw 5 of its levels.

You collected 291 gold pieces.

Inventory:

Hand Weapons
 a - a +1 dagger (weapon)
 v - a cursed -3 rapier
Armour
 b - a +1 robe (worn)
Jewellery
 j - a ring of stealth (right hand)
 k - a ring of poison resistance (left hand)
Scrolls
 f - 2 scrolls of fear
 n - 4 scrolls of remove curse
 o - a scroll of blinking {unknown}
 q - a scroll of magic mapping {unknown}
 r - a scroll of recharging {unknown}
 s - a scroll of amnesia {unknown}
 w - a scroll of identify
Potions
 e - 2 potions of resistance
 g - 2 potions of berserk rage
 h - 3 potions of might
 i - 5 potions of agility
 l - 2 potions of heal wounds {unknown}
 m - a potion of mutation {unknown}
 p - a potion of curing {unknown}
 t - a potion of flight {unknown}
 u - 2 potions of ambrosia {unknown}
Books
 c - a book of Maledictions

   Spells                             Type                      Level
   a - Corona                         Hexes                        1
   b - Ensorcelled Hibernation        Hexes/Ice                    2
   c - Confuse                        Hexes                        3
   d - Tukima's Dance                 Hexes                        3
   e - Dazzling Spray                 Conjuration/Hexes            3
Comestibles
 d - a bread ration


   Skills:
 + Level 1.8 Short Blades
 - Level 3.2 Dodging
 * Level 9.0 Stealth
 - Level 2.6 Spellcasting
 + Level 5.5 Hexes
 - Level 1.0 Ice Magic


You had 4 spell levels left.
You knew the following spells:

 Your Spells              Type           Power        Failure   Level  Hunger
a - Corona                Hex            ###....      1%          1    #......
b - Ensorcelled Hibernat  Hex/Ice        ##....       7%          2    ##.....
c - Confuse               Hex            ###.....     5%          3    ###....


Dungeon Overview and Level Annotations

Branches:
Dungeon (5/15)
 Temple: D:4-7

Altars:
Fedhas
Ru

Annotations:
D:4 exclusion: oklob plant


Innate Abilities, Weirdness & Mutations

You are very small and have problems with some larger weapons.
You are too small for most types of armour.
You have supernaturally acute eyesight. (SInv)
You are a herbivore.
You cover ground extremely quickly.
You need consume almost no food.


Message History

Confirm with . or Enter, or press ? or * to list all spells.
Aiming: Confuse
Press: ? - help, Shift-Dir - straight line, f/p - phantom
Aim: a phantom (chance to defeat MR: 33%)
The phantom appears confused.
An orc comes into view.
A jelly and an orc wizard come into view.
The orc shouts!
A centaur comes into view.
The centaur shouts!
The centaur wields a shortbow.
The centaur shoots an arrow.
The arrow misses you.
You see here an arrow.
The centaur shoots an arrow.
The arrow hits you!!
Ouch! That really hurt!
You see here an arrow.
There is a stone staircase leading up here.
You can't go down here!
The centaur shoots an arrow.
The arrow hits you!
You die...

###.# #######...# ######
##........##
.....#######.........# ####
%......##....##......######..####
###.......######.................
#......## #(.....####......#
##.....## #(..#### ########
#......## #@.## ######
##..†....### #..### ##....#
#........#. .###....#### ##......
#.........##...........###..####.
#....###...#......c#.##....## ##
#...## #...#.####[#.######## #
#...# ......# #...## #
....###.....# ..#... #
.........#..##.....#


You could see a centaur.

Vanquished Creatures
  2 howler monkeys
  2 hounds (D:5)
  A centaur skeleton (D:4)
  Jessica (D:3)
  An iguana (D:5)
  A worker ant (D:4)
  4 adders
  A worm (D:2)
  4 dart slugs (D:2)
  2 leopard geckos (D:1)
  11 orcs
  5 bats
  3 giant cockroaches
  2 goblins (D:1)
  8 hobgoblins
  4 jackals (D:5)
  4 kobolds
  A ball python (D:2)
  5 frilled lizards
  9 rats
71 creatures vanquished.

Notes
Turn   | Place    | Note
-------+----------+-------------------------------------------
     0 | D:1      | FerrousOx the Spriggan Enchanter began the quest for the Orb.
     0 | D:1      | Reached XP level 1. HP: 9/9 MP: 5/5
   148 | D:1      | Reached XP level 2. HP: 13/13 MP: 6/6
  1491 | D:1      | Learned a level 2 spell: Ensorcelled Hibernation
  1697 | D:2      | Found a sacrificial altar of Ru.
  1907 | D:2      | Reached skill level 5 in Stealth
  1907 | D:2      | Reached XP level 3. HP: 16/16 MP: 5/8
  2928 | D:2      | Reached skill level 5 in Hexes
  2928 | D:2      | Reached XP level 4. HP: 19/21 MP: 2/9
  2935 | D:2      | Learned a level 3 spell: Confuse
  3188 | D:3      | Noticed Jessica
  3190 | D:3      | Killed Jessica
  3190 | D:3      | Reached skill level 1 in Ice Magic
  3264 | D:3      | Reached skill level 6 in Stealth
  3875 | D:4      | Reached XP level 5. HP: 24/24 MP: 7/10
  3911 | D:4      | Reached skill level 7 in Stealth
  4268 | D:4      | Reached skill level 8 in Stealth
  4352 | D:4      | Found a blossoming altar of Fedhas.
  4373 | D:4      | Noticed an oklob plant
  4654 | D:5      | Entered Level 5 of the Dungeon
  4730 | D:5      | Reached XP level 6. HP: 24/28 MP: 8/11
  4855 | D:5      | Reached skill level 9 in Stealth
  4928 | D:5      | Shot with an arrow by a centaur

Skill      XL: |  1  2  3  4  5  6 |
---------------+-------------------+-----
Hexes          | 4 5 |  5.5
Stealth        | 5 6 8 9 |  9.0
Ice Magic      | 1 |  1.0
Short Blades   | |  1.8
Dodging        | |  3.2
Spellcasting   | |  2.6

Action                   |  1- 3 |  4- 6 || total
-------------------------+-------+-------++-------
Melee: Dagger            |    80 |   109 ||   189
 Cast: Ensorcelled Hiber |    34 |    18 ||    52
       Confuse           |       |     6 ||     6
  Use: Scroll            |     2 |     7 ||     9
 Stab: Sleeping          |    15 |    29 ||    44
       Confused          |       |     2 ||     2
  Eat: Royal jelly       |       |     1 ||     1
       Bread ration      |       |     1 ||     1
Armor: Robe              |    16 |    10 ||    26
Dodge: Dodged            |    94 |    68 ||   162
